 Dungeon Crawl Stone Soup version 0.29.1-4-g47bece8355 (webtiles) character file.

Game seed: 14451320226685454303

161 GigaChad the Chopper (level 5, -1/47 HPs)
             Began as a Minotaur Fighter on Dec 5, 2022.
             Slain by Grinder (4 damage)
             ... on level 3 of the Dungeon.
             The game lasted 00:02:24 (1942 turns).

GigaChad the Chopper (Minotaur Fighter)             Turns: 1942, Time: 00:02:25

Health: -1/47      AC:  7    Str: 22    XL:     5   Next: 19%
Magic:  4/4        EV:  6    Int:  5    God:
Gold:   154        SH:  4    Dex: 10    Spells: 4/4 levels left

rFire   . . .      SeeInvis .   a - +0 war axe
rCold   . . .      Faith    .   c - +0 buckler
rNeg    . . .      Spirit   .   b - +0 scale mail
rPois   .          Reflect  .   (helmet restricted)
rElec   .          Harm     .   (no cloak)
rCorr   .          Rampage  .   (no gloves)
Will    .....                   (no boots)
Stlth   ..........              (no amulet)
HPRegen 0.15/turn               (no ring)
MPRegen 0.09/turn               (no ring)

@: constricted
A: horns 2, retaliatory headbutt
a: no special abilities


You were on level 3 of the Dungeon.
You visited 1 branch of the dungeon, and saw 3 of its levels.

You collected 154 gold pieces.

Inventory:

Hand Weapons
 a - a +0 war axe (weapon)
Armour
 b - a +0 scale mail (worn)
 c - a +0 buckler (worn)
Jewellery
 g - a ring of wizardry
 k - a +4 ring of protection
Scrolls
 j - a scroll of noise {unknown}
 l - a scroll of teleportation {unknown}
Potions
 d - a potion of might
 e - a potion of magic {unknown}
 f - 4 potions of flight {unknown}
 h - a potion of cancellation {unknown}
 i - a potion of invisibility {unknown}


   Skills:
 + Level 4.4 Fighting
 + Level 4.8 Axes
 + Level 4.5 Armour
 + Level 0.7 Dodging
 + Level 4.2 Shields


You had 4 spell levels left.
You didn't know any spells.
Your spell library was empty.

Dungeon Overview and Level Annotations

Branches:
Dungeon (3/15)

Altars:
Yredelemnul

Annotations:
D:3 1 runed translucent door, Crazy Yiuf, Grinder


Innate Abilities, Weirdness & Mutations

You have a pair of horns on your head.
You reflexively headbutt those who attack you in melee.


Message History

You barely miss the ball python. You hit the goblin.
You kill the goblin!
You barely miss the worm.
A ball python comes into view.
The ball python bites you but does no damage.
The ball python constricts you. Grinder barely misses you.
You barely miss Grinder.
Grinder is lightly wounded.
The ball python hisses angrily.
You hit the worm but do no damage. You slash the ball python!
You kill the ball python!
Grinder blinks!
The worm bites you.
You hit Grinder.
Grinder is lightly wounded.
You hit the worm. Grinder gestures at you.
You barely resist. Grinder hits you.
You writhe in agony.
The worm barely misses you.
You closely miss Grinder.
Grinder is lightly wounded.
You barely miss the worm.
Grinder blinks!
You block the worm's attack. The ball python misses you.
You block the ball python's attack. x2
The ball python grabs you. The ball python constricts you.
You barely miss Grinder. Your headbutt misses Grinder.
Grinder is lightly wounded.
You barely miss the ball python. Grinder hits you.
You writhe in agony.
* * * LOW HITPOINT WARNING * * *
The ball python bites you but does no damage.
The ball python constricts you.
You barely miss Grinder. Your headbutt misses Grinder.
Grinder is lightly wounded.
You barely miss the ball python. You hit the worm.
The ball python bites you but does no damage.
The ball python constricts you. Grinder hits you.
* * * LOW HITPOINT WARNING * * *
The ball python barely misses you. You furiously retaliate!
You headbutt the ball python. The ball python constricts you. Grinder hits you!
* * * LOW HITPOINT WARNING * * *
You writhe in agony.
You die...

#.
#..#..#............###
.##.##....####.....#....
........?#######......#.
..#..........#...####..#
.##......?.....## ##..
......†).....## ###
.###.........#
#..Sw.....# #..5@.....#
#......[...#
#..........#
.............#
...########### ..# ..


You could see Grinder, a worm and a ball python.

Vanquished Creatures
  A scorpion (D:3)
  Jessica (D:3)
  A gnoll (D:1)
  2 worms (D:2)
  A dart slug (D:2)
  An orc (D:2)
  8 bats
  5 endoplasms
  2 giant cockroaches
  7 goblins
  3 hobgoblins
  3 jackals (D:1)
  2 quokkas
  6 ball pythons
  2 frilled lizards
  4 kobolds
  7 rats
56 creatures vanquished.

Notes
Turn   | Place    | Note
-------+----------+-------------------------------------------
     0 | D:1      | GigaChad the Minotaur Fighter began the quest for the Orb.
     0 | D:1      | Reached XP level 1. HP: 19/19 MP: 0/0
   132 | D:1      | Reached XP level 2. HP: 17/27 MP: 1/1
   520 | D:1      | Reached XP level 3. HP: 33/33 MP: 2/2
  1355 | D:2      | Found a basalt altar of Yredelemnul.
  1477 | D:3      | Noticed Jessica
  1488 | D:3      | Killed Jessica
  1489 | D:3      | Reached XP level 4. HP: 24/40 MP: 3/3
  1639 | D:3      | Found a runed translucent door.
  1640 | D:3      | Noticed Crazy Yiuf
  1745 | D:3      | Noticed a scorpion
  1755 | D:3      | Killed a scorpion
  1756 | D:3      | Reached XP level 5. HP: 41/47 MP: 4/4
  1929 | D:3      | Noticed Grinder
  1942 | D:3      | Slain by Grinder

Illustrated notes

Levels and vault maps discovered:
D:1:      minmay_arrival_open_corners, layout_loops_ring,
          shapermc_ecumenical_altar_hornbeckon
D:2:      layout_loops_ring, basic_altar, minmay_misc_feat_five
D:3:      layout_rooms, uniq_crazy_yiuf_cottage, uniq_grinder, uniq_jessica

Skill      XL: |  1  2  3 |
---------------+----------+-----
Armour         | 4 |  4.5
Fighting       | 4 |  4.4
Shields        | 4 |  4.2
Axes           | 3 4 |  4.8
Dodging        | |  0.7

Action                   |  1- 3 |  4- 6 || total
-------------------------+-------+-------++-------
Melee: War axe           |    75 |    20 ||    95
       Headbutt          |    10 |     3 ||    13
Armor: Scale mail        |    37 |    18 ||    55
Dodge: Dodged            |    32 |    24 ||    56
Block: Buckler           |    18 |    12 ||    30
